 Dungeon Crawl Stone Soup version 0.22-a0-596-gfbd32a6 (webtiles) character file.

76 iamserjio the Chopper (level 4, -2/54 HPs)
             Began as a Demonspawn Berserker on July 5, 2018.
             Was a Follower of Trog.
             Killed from afar by Blork the orc (8 damage)
             ... with a magic dart
             ... on level 4 of the Dungeon.
             The game lasted 00:03:18 (501 turns).

iamserjio the Chopper (Demonspawn Berserker)         Turns: 501, Time: 00:03:19

Health: -2/54      AC:  9    Str: 23    XL:     4   Next: 12%
Magic:  4/4        EV: 11    Int:  8    God:    Trog [*.....]
Gold:   49         SH:  0    Dex: 13    Spells: 3/3 levels left

rFire    . . .     SeeInvis .   a - +0 hand axe
rCold    . . .     Gourm    .   (no shield)
rNeg     . . .     Faith    .   j - +0 ring mail
rPois    .         Spirit   .   d - +0 helmet
rElec    .         Reflect  .   (no cloak)
rCorr    .         Harm     .   (no gloves)
MR       .....                  (no boots)
Stlth    ..........             (no amulet)
HPRegen  0.18/turn              (no ring)
MPRegen  0.09/turn              (no ring)

@: berserking (expiring), very quick
A: yellow scales 2
a: Berserk, Renounce Religion


You were on level 4 of the Dungeon.
You worshipped Trog.
Trog was aware of your devotion.
You were near starving.

You visited 1 branch of the dungeon, and saw 5 of its levels.

You collected 49 gold pieces.

Inventory:

Hand Weapons
 a - a +0 hand axe (weapon)
Armour
 b - a +0 animal skin
 d - a +0 helmet (worn)
 j - a +0 ring mail (worn)
Scrolls
 e - 2 scrolls of identify {unknown}
 f - a scroll of fog {unknown}
 g - 3 scrolls of teleportation {unknown}
 l - a scroll of noise {unknown}
 n - a scroll of enchant armour {unknown}
 o - a scroll of remove curse {unknown}
Potions
 h - a potion of ambrosia {unknown}
 i - a potion of invisibility {unknown}
 k - a potion of curing {unknown}
 m - a potion of flight {unknown}
Comestibles
 c - 3 rations


   Skills:
 + Level 3.6 Fighting
 * Level 3.7 Axes
 + Level 2.4 Armour
 - Level 1.8 Dodging


You had 3 spell levels left.
You didn't know any spells.
Your spell library was empty.

Dungeon Overview and Level Annotations

Branches:
Dungeon (5/15)
 Temple: D:4-7

Altars:

Annotations:
D:4 Blork the orc
D:5 Grinder


Innate Abilities, Weirdness & Mutations

You are mostly covered in yellow scales. (AC +3)


Message History

You hit Blork the orc.
Blork the orc is lightly wounded.
Blork the orc gestures at you while chanting.
The puff of frost misses you.
You slash Blork the orc!
Blork the orc is moderately wounded.
You barely miss the iguana. The iguana bites you.
* * * LOW HITPOINT WARNING * * *
Blork the orc hits you with a glaive.
* * * LOW HITPOINT WARNING * * *
You barely miss Blork the orc.
Blork the orc is moderately wounded.
You slash the iguana! The iguana bites you.
* * * LOW HITPOINT WARNING * * *
You hit Blork the orc.
Blork the orc is moderately wounded.
You hit the iguana.
Blork the orc points at you and mumbles some strange words.
The magic dart hits you!
You die...

##....###.........#
#...>...'.........+
##...####.[.......#
##..# ##.......# ##.#
##(....## ##.##
##...## ####...#
##'## #....#l# #.#
#.##..@##### #.# #
##.o....###.##
#.####.##...## #.#
#.#.....# #.#
#.##..#.....
#.###.####.###...####
#...............##
#####.####.######
#.####.#


You could see Blork the orc and an iguana.

Vanquished Creatures
  Terence (D:2)
  A worker ant (D:4)
  An adder (D:2)
  An ooze (D:3)
  An orc (D:4)
  2 bats
  2 giant cockroaches
  A hobgoblin (D:1)
  3 kobolds
  3 rats
16 creatures vanquished.

Notes
Turn   | Place    | Note
-------+----------+-------------------------------------------
     0 | D:1      | iamserjio the Demonspawn Berserker began the quest for the Orb.
     0 | D:1      | Reached XP level 1. HP: 18/18 MP: 1/1
   224 | D:2      | Noticed Terence
   234 | D:2      | Killed Terence
   234 | D:2      | Gained mutation: You are partially covered in yellow scales. (AC +2) [demonic ancestry]
   234 | D:2      | Reached XP level 2. HP: 24/24 MP: 2/2
   234 | D:2      | Gained mutation: You are mostly covered in yellow scales. (AC +3) [demonic ancestry]
   234 | D:2      | Reached XP level 3. HP: 29/29 MP: 3/3
   450 | D:4      | Reached XP level 4. HP: 29/36 MP: 4/4
   459 | D:5      | Entered Level 5 of the Dungeon
   459 | D:5      | Noticed Grinder
   477 | D:4      | Noticed Blork the orc
   501 | D:4      | Killed from afar by Blork the orc

Vault maps used:
D:1:      minmay_arrival_shattered_statue, serial_bayou_lagoon_b
D:2:      st_stairs_6, kennysheep_generic_room_15, uniq_terence
D:4:      minmay_temple_entry_fiery, uniq_blork_the_orc
D:5:      first_ration, lightli_corner_chamber, uniq_grinder

Skill      XL: |  1 |
---------------+----+-----
Axes           | 3 |  3.7
Armour         | 2 |  2.4
Fighting       | |  3.6
Dodging        | |  1.8

Action                   |  1- 3 |  4- 6 || total
-------------------------+-------+-------++-------
Melee: Hand axe          |    63 |     4 ||    67
Invok: Berserk           |     2 |     1 ||     3
Armor: Animal skin       |     8 |       ||     8
       Ring mail         |    24 |       ||    24
       Skin              |     1 |       ||     1
Dodge: Dodged            |    44 |     2 ||    46

Table legend:
 A = Spawn XP
 B = Non-spawn XP
 C = Spawn XP percentage of total XP
 D = Spawn monster count
 E = Non-spawn monster count
 F = Spawn count percentage of total count
 G = Total turns spent on level
                    A         B        C        D         E        F      G
               +---------+---------+-------+---------+---------+-------+---------
         Total |       0 |     109 |   0.0 |       0 |      16 |   0.0 |   501
               +---------+---------+-------+---------+---------+-------+---------
           D:1 |       0 |       4 |   0.0 |       0 |       2 |   0.0 |   200
           D:2 |       0 |      59 |   0.0 |       0 |       8 |   0.0 |   187
           D:3 |       0 |      11 |   0.0 |       0 |       4 |   0.0 |    39
           D:4 |       0 |      35 |   0.0 |       0 |       2 |   0.0 |    73
               +---------+---------+-------+---------+---------+-------+---------
